 Dungeon Crawl Stone Soup version bcrawl-1.27.6 (webtiles) character file.

Game seed: 10553369862688144981

309486 Faustar the Destroyer (level 10, -6/82 (83) HPs)
             Began as a Black Draconian Conjurer on Sept 22, 2020.
             Was a Believer of Vehumet.
             Mangled by a yak (13 damage)
             ... on level 7 of the Dungeon on Sept 23, 2020.
             The game lasted 00:27:58 (7800 turns).

Faustar the Destroyer (Black Draconian Conjurer)    Turns: 7800, Time: 00:27:59

HP:   -6/82 (83)    AC:  9    Str: 12    XL:     10   Next: 19%
MP:   8/22          EV: 12    Int: 18    God:    Vehumet [**....]
Gold: 544           SH:  0    Dex:  8    Spells: 19/26 levels left

rFire    x x .     SeeInvis .   c - +3 dagger (protect)
rCold    + + .     Gourm    .   (no shield)
rNeg     . . .     Faith    +   (armour unavailable)
rPois    .         Spirit   .   l - +2 hat
rElec    +         Reflect  .   (no cloak)
rCorr    .         Harm     .   (no gloves)
MR       +....                  (no boots)
Stlth    ++........             x - amulet of faith
HPRegen  0.23/turn              d - ring "Guaz" {Ice +Inv MR+ Dex-3}
MPRegen  0.18/turn              r - ring of ice

@: short of breath
A: breathe lightning, unfitting armour, electricity resistance, cold-blooded, AC
+7
a: Breathe Lightning, Renounce Religion, Evoke Invisibility


You were on level 7 of the Dungeon.
You worshipped Vehumet.
Vehumet was pleased with you.
You were not hungry.

You visited 2 branches of the dungeon, and saw 9 of its levels.

You collected 544 gold pieces.

Inventory:

Hand Weapons
 a - a +0 dagger
 c - a +3 dagger of protection (weapon)
Armour
 l - a +2 hat (worn)
Jewellery
 d - the ring "Guaz" (left hand) {Ice +Inv MR+ Dex-3}
   (You found it on level 1 of the Dungeon)

   [ring of ice]

   It enhances your ice magic.
   It affects your dexterity (-3).
   It makes you vulnerable to fire.
   It protects you from cold.
   It affects your resistance to hostile enchantments.
   It lets you turn invisible.
 q - an uncursed amulet of the acrobat
 r - a ring of ice (right hand)
 x - an amulet of faith (around neck)
Wands
 b - a wand of polymorph (6)
Scrolls
 f - a scroll of amnesia
 g - 2 scrolls of fear
 j - a scroll of enchant weapon
 n - 2 scrolls of immolation
 s - 2 scrolls of remove curse
 v - a scroll of enchant armour
 w - 3 scrolls of teleportation
Potions
 h - a potion of ambrosia {unknown}
 m - a potion of degeneration
 o - 2 potions of curing
 p - a potion of heal wounds
 t - a potion of haste
 u - 3 potions of flight {unknown}
 z - a potion of agility
 A - 2 potions of berserk rage
 B - a potion of mutation
Comestibles
 e - 7 rations {!d}


   Skills:
 - Level 6.0 Fighting
 - Level 1.7 Dodging
 - Level 2.0 Stealth
 + Level 8.7 Spellcasting
 + Level 10.1 Conjurations
 - Level 5.0 Hexes


You had 19 spell levels left.
You knew the following spells:

 Your Spells              Type           Power        Failure   Level  Hunger
a - Magic Dart            Conj           ####         1%          1    None
b - Searing Ray           Conj           #####...     1%          2    None
c - Fulminant Prism       Conj/Hex       #####.....   1%          4    ##.....

Your spell library contained the following spells:

 Spells                   Type           Power        Failure   Level  Hunger
 Throw Frost              Conj/Ice       ######       1%          2    None
 Iskenderun's Mystic Bla  Conj           #####...     1%          3    None
 Irradiate                Conj/Tmut      ####......   9%          5    ####...


Dungeon Overview and Level Annotations

Branches:
Dungeon (8/12)             Temple (1/1) D:5
   Lair: D:7-9          Orc: D:8-11

Altars:
Ashenzari
Cheibriados
Dithmenos
Elyvilon
Fedhas
Gozag
Hepliaklqana
Kikubaaqudgha
Makhleb
Okawaru
Qazlal
Ru
Sif Muna
Trog
Uskayaw
Vehumet
Wu Jian
Xom
Yredelemnul
Zin
The Shining One

Shops:
D:6 }


Innate Abilities, Weirdness & Mutations

You can breathe wild blasts of lightning.
Your glossy black scales are hard. (AC +7)
You cannot fit into any form of body armour.
You are resistant to electric shocks. (rElec)
You are cold-blooded and may be slowed by cold attacks.


Message History

Aiming: Searing Ray (safe; 1% risk of failure)
Press: ? - help, Shift-Dir - straight line, f - yak
Aim: a yak (heavily wounded)
The searing ray hits the yak.
The yak is heavily wounded. (Press . to maintain the ray.)
The yak barely misses you. The yak gores you! The yak gores you.
* * * LOW HITPOINT WARNING * * *
Your fulminant prism explodes!
The blast of energy engulfs the yak!
The yak is heavily wounded.
The blast of energy engulfs the yak!
The yak is severely wounded.
Your fulminant prism crackles loudly.
The searing ray hits the yak.
The yak is heavily wounded.
The yak gores you!
* * * LOW HITPOINT WARNING * * *
The yak gores you!
You die...

+####.................##.####[# #
............##........##.####.###
.......####..............#..#.#.'
.......# #.#######..######.#.#.#
######.# #.##....#..###......#.#
#.####.##.####.........###.#
###...)..##.# #.####.##.# #.#
#.....))[...####......##.# #.#
#.#####)....Y@Y..#######.# #.#
#.# #.###.Y##..........# #.# #.#
#...*..##########..# #.# #.#
####...# #.........###.# #.#
####...###.#####.....#.# #.#
#.................####.# #.#
##.##.#####.#....#.......
#.####.........#.#.##รท########
#.......#.#....#.#.##>#


You could see 3 yaks and a friendly fulminant prism.

Vanquished Creatures
  A troll (D:7)
  Grinder (D:4)
  A hippogriff (D:7)
  A yak (D:7)
  A wyvern (D:7)
  Eustachio (D:4)
  Menkaure (D:4)
  A crocodile (D:7)
  2 orc warriors
  3 sky beasts
  3 phantoms
  3 ice beasts
  A necrophage (D:6)
  3 wolves (D:8)
  2 ogres
  3 centaurs
  A bullfrog (D:7)
  A big kobold (D:7)
  2 scorpions
  An electric eel (D:8)
  A bullfrog zombie (D:5)
  The ghost of Quickbrownfox the Firebug, a weakling GrFE (D:3)
  7 crimson imps
  A centaur zombie (D:5)
  5 hounds
  8 orc wizards
  3 orc priests
  2 iguanas (D:7)
  9 worker ants
  Ijyb (D:5)
  3 gnolls (D:6)
  12 adders
  A shadow imp (D:7)
  An ooze (D:1)
  3 adder skeletons
  3 worms
  2 dart slugs
  8 leopard geckos
  17 orcs
  4 bats
  2 giant cockroaches
  6 hobgoblins
  6 jackals
  A quokka (D:2)
  4 frilled lizards
  9 goblins
  A jackal skeleton (D:4)
  10 kobolds
  5 rats
169 creatures vanquished.

Vanquished Creatures (others)
  An orc wizard (D:4)
  41 fulminant prisms
42 creatures vanquished.

Grand Total: 211 creatures vanquished

Notes
Turn   | Place    | Note
-------+----------+-------------------------------------------
     0 | D:1      | Faustar the Draconian Conjurer began the quest for the Orb.
     0 | D:1      | Reached XP level 1. HP: 14/14 MP: 3/3
   230 | D:1      | Got a heavily runed turquoise ring
   266 | D:1      | Reached XP level 2. HP: 11/20 MP: 3/5
  1049 | D:2      | Reached XP level 3. HP: 26/26 MP: 0/7
  1114 | D:2      | Learned a level 2 spell: Searing Ray
  1151 | D:2      | Found a basalt altar of Yredelemnul.
  1506 | D:2      | Identified the ring "Guaz" {Ice +Inv MR+ Dex-3} (You found
                  | it on level 1 of the Dungeon)
  1675 | D:3      | Noticed an ice beast
  1714 | D:3      | Killed an ice beast
  1714 | D:3      | Reached skill level 5 in Conjurations
  1714 | D:3      | Reached XP level 4. HP: 22/33 MP: 0/9
  1783 | D:3      | Reached XP level 5. HP: 38/38 MP: 7/10
  2440 | D:3      | Found a runed translucent door.
  2440 | D:3      | Noticed Quickbrownfox's ghost (weakling GrFE)
  2468 | D:3      | Killed Quickbrownfox's ghost
  2595 | D:4      | Reached XP level 6. HP: 30/45 MP: 6/12
  2734 | D:4      | Reached skill level 6 in Conjurations
  2744 | D:4      | Noticed Eustachio
  2756 | D:4      | Killed Eustachio
  2756 | D:4      | Reached skill level 5 in Spellcasting
  2985 | D:4      | Noticed Menkaure
  2989 | D:4      | Killed Menkaure
  2989 | D:4      | Your scales start taking on a glossy black colour.
  2989 | D:4      | Reached XP level 7. HP: 44/50 MP: 8/15
  2989 | D:4      | Gained mutation: You are resistant to electric shocks.
                  | (rElec) [Black Draconian growth]
  2995 | D:4      | Learned a level 4 spell: Fulminant Prism
  3069 | D:4      | Reached skill level 1 in Fighting
  3163 | D:4      | Noticed Grinder
  3201 | D:4      | Paralysed by Grinder for 4 turns
  3208 | D:4      | Killed Grinder
  3208 | D:4      | Reached skill level 1 in Hexes
  3518 | D:4      | Reached XP level 8. HP: 67/67 MP: 2/16
  3822 | D:5      | Entered Level 5 of the Dungeon
  3834 | D:5      | Reached skill level 5 in Fighting
  4415 | D:5      | Noticed Ijyb
  4434 | D:5      | Killed Ijyb
  4636 | D:5      | Found a staircase to the Ecumenical Temple.
  4647 | Temple   | Entered the Ecumenical Temple
  4824 | Temple   | Became a worshipper of Vehumet
  5218 | D:6      | Reached skill level 5 in Hexes
  5292 | D:6      | Reached skill level 7 in Conjurations
  5672 | D:6      | Reached XP level 9. HP: 62/74 MP: 18/18
  5771 | D:6      | Found Yptueg's Gadget Shoppe.
  5991 | D:6      | Reached skill level 8 in Conjurations
  6053 | D:6      | Reached * piety under Vehumet
  6053 | D:6      | Offered knowledge of Flame Tongue by Vehumet.
  6732 | D:7      | Reached skill level 9 in Conjurations
  6735 | D:7      | Offered knowledge of Throw Frost by Vehumet.
  6735 | D:7      | Reached ** piety under Vehumet
  6866 | D:7      | Noticed a troll
  7052 | D:7      | Killed a troll
  7409 | D:7      | Reached XP level 10. HP: 67/82 MP: 11/22
  7548 | D:8      | Reached skill level 10 in Conjurations
  7800 | D:7      | Mangled by a yak

Skill      XL: |  1  2  3  4  5  6  7  8  9 10 |
---------------+-------------------------------+-----
Spellcasting   | 3 4 5 6 8 |  8.7
Conjurations   | 5 6 7 9 10 | 10.1
Fighting       | 4 6 |  6.0
Hexes          | 2 5 |  5.0
Dodging        | |  1.7
Stealth        | |  2.0

Action                   |  1- 3 |  4- 6 |  7- 9 | 10-12 || total
-------------------------+-------+-------+-------+-------++-------
Melee: Dagger            |    83 |    54 |   190 |    14 ||   341
       Unarmed           |     4 |       |       |       ||     4
       Tailslap          |     7 |     4 |    10 |     3 ||    24
 Cast: Magic Dart        |    50 |    28 |   129 |     2 ||   209
       Searing Ray       |     1 |     8 |    36 |     3 ||    48
       Fulminant Prism   |       |       |    33 |     9 ||    42
 Abil: Breathe Lightning |       |       |     2 |     1 ||     3
Evoke: Wand              |       |       |     1 |       ||     1
  Use: Scroll            |       |     5 |     3 |     7 ||    15
       Potion            |       |     1 |     4 |       ||     5
 Stab: Sleeping          |     1 |     1 |     1 |       ||     3
  Eat: Chunk             |     5 |     7 |    21 |     3 ||    36
       Ration            |       |       |     2 |       ||     2
Armor: Skin              |    44 |    25 |    95 |     8 ||   172
Dodge: Dodged            |    79 |    39 |   145 |    23 ||   286
